[Event "Titled Tuesday Blitz November 2 2021"]
[White "Ekdyshman, Mikhail"]
[Black "Holt, Conrad"]
[WhiteFideId "4149416"]
[BlackFideId "2034387"]
[WhiteElo "2256"]
[BlackElo "2586"]
[Result "0-1"]
[Round "02"]
[TimeControl "180+1"]
[Date "2021.11.02"]
[WhiteClock "0:00:02"]
[BlackClock "0:00:19"]

1. c4 c6 2. Nf3 d5 3. e3 Bf5 4. b3 e6 5. Bb2 Nd7 6. Nc3 Ngf6 7. Be2 h6 8. O-O Bd6 9. h3 O-O 10. Rc1 Re8 11. d3 Bh7 12. a3 a5 13. Qc2 Rc8 14. Qb1 Nc5 15. Nd2 dxc4 16. bxc4 Nxd3 17. Bxd3 Bxd3 18. Qa1 Bxf1 19. Nxf1 Be5 20. f4 Bb8 21. Rd1 Qe7 22. Ng3 Rcd8 23. Rf1 Qc5 24. Rf3 Qxc4 25. Nce2 Qc2 26. Nd4 Qg6 27. f5 Qg5 28. Nf1 Ne4 29. fxe6 fxe6 30. Ne2 Rf8 31. Nf4 Bxf4 32. exf4 Rxf4 33. Bc1 Qc5+ 34. Be3 Rxf3 35. Bxc5 Rxf1+ 36. Kxf1 Nxc5 37. Qc3 b6 38. Qc4 Rd1+ 39. Kf2 Rd5 40. Qg4 a4 41. Kg1 Kf7 42. Qf3+ Kg8 43. Qg4 b5 44. Qg6 Kf8 45. Qg3 e5 46. Qf3+ Ke7 47. Qg3 Ne6 48. Qh4+ Kd6 49. Qb4+ Kd7 50. Qa5 Rd4 51. Qa7+ Kd6 52. Qb8+ Kd5 53. Qg8 e4 54. Kf2 Ke5 55. Qf7 Rd2+ 56. Kg1 Rd1+ 57. Kh2 Rd6 58. Qh5+ Kd4 59. Qf5 e3 60. Qc2 Ke5 61. Qe2 Kd4 62. Qc2 Nc5 63. Qe2 Nd3 64. Qc2 c5 65. Qe2 Re6 66. Qg4+ Re4 67. Qe2 c4 68. h4 c3 69. g3 c2 70. Qxc2 e2 71. Qc6 e1=Q 72. Qd6+ Kc3 73. Qc6+ Kb3 74. Qxb5+ Nb4 75. axb4 Re2+ 76. Kh3 Qf1+ 77. Kg4 Re4+ 78. Kh5 Qxb5+ 0-1


[Site "https://www.chess.com"]

[Event "Titled Tuesday Blitz November 2 2021"]
[White "Goltseva, Ekaterina"]
[Black "Narayanan.S.L"]
[WhiteFideId "24173770"]
[BlackFideId "5058422"]
[WhiteElo "2059"]
[BlackElo "2570"]
[Result "0-1"]
[Round "02"]
[TimeControl "180+1"]
[Date "2021.11.02"]
[WhiteClock "0:00:08"]
[BlackClock "0:01:16"]

1. d4 g6 2. c4 Bg7 3. e4 e6 4. Nc3 Ne7 5. Be3 d5 6. cxd5 exd5 7. e5 c5 8. dxc5 Nbc6 9. Nf3 Bg4 10. h3 Bxf3 11. Qxf3 Bxe5 12. Bh6 Nf5 13. Bd2 Nfd4 14. Qd1 O-O 15. Be2 Nxe2 16. Nxe2 Bxb2 17. Rb1 Ba3 18. O-O Bxc5 19. Rxb7 Bb6 20. Qa4 Qc8 21. Qa6 Nd8 22. Rxb6 axb6 23. Qxb6 Rxa2 24. Bc3 Qc6 25. Qd4 f6 26. Nf4 Ne6 27. Qxd5 Qxd5 28. Nxd5 Rc2 29. Nxf6+ Kf7 30. Be5 h5 31. Rb1 Nc5 32. Ra1 Ke6 33. f4 Rxf6 34. Bxf6 Kxf6 35. Ra8 Ne6 36. g3 h4 37. gxh4 Nxf4 38. Rh8 Nxh3+ 39. Kf1 Kf5 40. h5 gxh5 41. Rxh5+ Kg4 42. Rh8 Nf4 43. Rg8+ Kf3 44. Ke1 Ne6 45. Re8 Ng5 46. Rf8+ Ke3 47. Kd1 Rh2 48. Re8+ Ne4 49. Rd8 Nc3+ 50. Kc1 Nb5 51. Re8+ Kd3 52. Rd8+ Nd4 53. Rd7 Rh6 54. Rd8 Rb6 55. Rd7 Rb8 56. Rd6 Kc3 57. Rd7 Rh8 58. Rc7+ Kd3 59. Rd7 Rh6 60. Rd8 Rh7 61. Rd6 Kc3 62. Rd8 Rh1# 0-1


[Site "https://www.chess.com"]

[Event "Titled Tuesday Blitz November 2 2021"]
[White "Gontcharov, Vladislav"]
[Black "Abdrlauf, Elham"]
[WhiteFideId "4123492"]
[BlackFideId "1533533"]
[WhiteElo "2503"]
[BlackElo "2362"]
[Result "0-1"]
[Round "02"]
[TimeControl "180+1"]
[Date "2021.11.02"]
[WhiteClock "0:00:02"]
[BlackClock "0:00:08"]

1. e4 c6 2. d4 d5 3. Nc3 dxe4 4. Nxe4 Nf6 5. Nxf6+ exf6 6. c3 Bd6 7. Bd3 O-O 8. Ne2 Re8 9. Qc2 h5 10. h3 Nd7 11. O-O Nf8 12. Nf4 h4 13. Bd2 Be6 14. Nxe6 Nxe6 15. Rae1 Rc8 16. f4 Bb8 17. Bc4 Qd6 18. Qf5 Re7 19. Bc1 Rce8 20. Qh5 g6 21. Qxh4 Kg7 22. Rd1 f5 23. Qg3 Nc7 24. Rde1 Re4 25. Bd3 R4e6 26. Rxe6 Qxe6 27. b3 Nd5 28. Bd2 Qf6 29. Qf2 Qd6 30. g3 Nf6 31. Re1 Ne4 32. Bxe4 fxe4 33. c4 f5 34. Bc3 Kf7 35. Kg2 Qf6 36. Qe3 Qe7 37. Rd1 Qa3 38. Qe2 Bd6 39. d5 c5 40. h4 Bf8 41. h5 Bg7 42. hxg6+ Kxg6 43. Bxg7 Kxg7 44. Rh1 Qa6 0-1


[Site "https://www.chess.com"]

[Event "Titled Tuesday Blitz November 2 2021"]
[White "Hansen, Eric"]
[Black "Provotorov, Ivan"]
[WhiteFideId "2606771"]
[BlackFideId "4154657"]
[WhiteElo "2568"]
[BlackElo "2291"]
[Result "1-0"]
[Round "02"]
[TimeControl "180+1"]
[Date "2021.11.02"]
[WhiteClock "0:00:09"]
[BlackClock "0:00:04"]

1. Nf3 Nf6 2. g3 d5 3. Bg2 g6 4. O-O Bg7 5. c4 c6 6. Qb3 O-O 7. d4 a5 8. cxd5 a4 9. Qd1 cxd5 10. Nc3 a3 11. Ne5 Nc6 12. Nb5 axb2 13. Bxb2 Bf5 14. a4 Ne4 15. h3 Qb6 16. g4 Be6 17. e3 f5 18. Qe2 f4 19. exf4 Rxf4 20. Nd3 Rf7 21. Nc5 Nxd4 22. Bxd4 Bxd4 23. Nxd4 Nxc5 24. a5 Qd6 25. Rfe1 Bd7 26. Qe3 Raf8 27. f3 e6 28. Rac1 Rf4 29. Ne2 Rc4 30. Rb1 Qc7 31. Rb6 Na4 32. Rbb1 Qxa5 33. Nd4 Qc5 34. Nxe6 Qxe3+ 35. Rxe3 Re8 36. Rbe1 Nc3 37. f4 Bxe6 38. Rxe6 Rxe6 39. Rxe6 b5 40. f5 Ra4 41. fxg6 hxg6 42. Rxg6+ Kf7 43. Rb6 b4 44. g5 Ra1+ 45. Kf2 Ra2+ 46. Kf3 Ra3 47. Kg4 Ra2 48. Bf3 Ne4 49. h4 Rb2 50. Rb7+ Kg8 51. h5 Rb1 52. Kf4 Rg1 53. g6 Ng5 54. Bxd5+ Kf8 55. g7+ 1-0


[Site "https://www.chess.com"]

[Event "Titled Tuesday Blitz November 2 2021"]
[White "Ingebretsen, Jens E"]
[Black "Abdyzhapar, Asylbek"]
[WhiteFideId "1522965"]
[BlackFideId "13800337"]
[WhiteElo "2072"]
[BlackElo "2383"]
[Result "1-0"]
[Round "02"]
[TimeControl "180+1"]
[Date "2021.11.02"]
[WhiteClock "0:00:31"]
[BlackClock "0:00:17"]

1. d4 d5 2. c4 c6 3. Nf3 Nf6 4. e3 e6 5. Nc3 a6 6. a4 Bb4 7. Bd2 O-O 8. Bd3 dxc4 9. Bxc4 a5 10. O-O Na6 11. Re1 c5 12. Nb5 cxd4 13. Nbxd4 Bd6 14. Nb5 Bb8 15. Bc3 Nb4 16. Qxd8 Rxd8 17. Rad1 Bd7 18. Ne5 Nbd5 19. Nxd7 Rxd7 20. Bxd5 Rxd5 21. Bxf6 gxf6 22. Rxd5 exd5 23. f4 Ra6 24. Rd1 Rc6 25. Rxd5 Rc8 26. Kf2 Kf8 27. Rd7 b6 28. Kf3 Kg7 29. Rb7 Rd8 30. Rxb6 Rc8 31. Rb7 Kg6 32. g4 h6 33. h3 Rd8 34. Rb6 Kg7 35. h4 Kg6 36. h5+ Kg7 37. Nd4 Ba7 38. Nf5+ Kf8 39. Rxf6 Bc5 40. Nxh6 Rd7 41. g5 Rb7 42. g6 Kg7 43. Rxf7+ Rxf7 44. Nxf7 Be7 45. e4 Bb4 46. Kg4 Bd2 47. e5 Bc1 48. Kf5 Bxb2 49. h6+ Kf8 50. h7 Ke7 51. h8=Q 1-0


[Site "https://www.chess.com"]

[Event "Titled Tuesday Blitz November 2 2021"]
[White "Iskusnyh, Sergei"]
[Black "Nakamura, Hikaru"]
[WhiteFideId "4120027"]
[BlackFideId "2016192"]
[WhiteElo "2492"]
[BlackElo "2884"]
[Result "0-1"]
[Round "02"]
[TimeControl "180+1"]
[Date "2021.11.02"]
[WhiteClock "0:00:03"]
[BlackClock "0:01:24"]

1. e4 c5 2. Nf3 d6 3. Bb5+ Bd7 4. Bxd7+ Nxd7 5. O-O Ngf6 6. Re1 e6 7. c3 Be7 8. d4 cxd4 9. cxd4 d5 10. e5 Ne4 11. Nbd2 Nxd2 12. Bxd2 Rc8 13. Rc1 Rxc1 14. Qxc1 Nb8 15. Qc2 Nc6 16. Qb3 Qb6 17. Qxb6 axb6 18. Rc1 b5 19. a3 Kd7 20. Kf1 Ra8 21. Ke2 Ra4 22. Kd3 f6 23. exf6 gxf6 24. Bc3 b4 25. axb4 Bxb4 26. h4 h5 27. Rg1 Bxc3 28. bxc3 e5 29. dxe5 fxe5 30. Nd2 Rxh4 31. Rb1 Kc7 32. g3 Rh3 33. Ke2 h4 34. Kf3 hxg3 35. fxg3 Rh2 36. Nf1 Rc2 37. Rb3 d4 38. Ke4 dxc3 39. Ne3 Ra2 40. Rxc3 Kd6 41. g4 Ra4+ 42. Rc4 Ra8 43. g5 Ke6 44. Nd5 Ra1 45. Ne3 Rg1 46. Rc5 Rxg5 47. Rb5 Rg7 48. Nf5 Rg4+ 49. Kf3 Kxf5 50. Rxb7 Rc4 51. Ke3 Ke6 0-1


[Site "https://www.chess.com"]

[Event "Titled Tuesday Blitz November 2 2021"]
[White "Karpeshov, Oleg"]
[Black "Andreikin, Dmitry"]
[WhiteFideId "4106814"]
[BlackFideId "4158814"]
[WhiteElo "2354"]
[BlackElo "2736"]
[Result "0-1"]
[Round "02"]
[TimeControl "180+1"]
[Date "2021.11.02"]
[WhiteClock "0:01:28"]
[BlackClock "0:01:18"]

1. d4 g6 2. e4 Bg7 3. Nf3 d6 4. Bd3 Nc6 5. O-O Bg4 6. c3 e5 7. d5 Nce7 8. c4 f5 9. h3 Bh5 10. Be2 h6 11. Nc3 Nf6 12. exf5 gxf5 13. Nh4 Bxe2 14. Qxe2 Qd7 15. f4 e4 16. Be3 O-O 17. Rad1 Kh7 18. Kh1 Rf7 19. Rg1 Rg8 20. g4 fxg4 21. hxg4 h5 22. f5 Nxg4 23. Nxe4 Be5 24. Ng5+ Rxg5 25. Bxg5 Nxf5 26. Rxg4 hxg4 27. Qe4 Kg7 28. Rg1 Nxh4 29. Rxg4 Rf1+ 0-1


[Site "https://www.chess.com"]

[Event "Titled Tuesday Blitz November 2 2021"]
[White "Karttunen, Mika"]
[Black "Zierk, Steven"]
[WhiteFideId "502081"]
[BlackFideId "2034255"]
[WhiteElo "2343"]
[BlackElo "2494"]
[Result "0-1"]
[Round "02"]
[TimeControl "180+1"]
[Date "2021.11.02"]
[WhiteClock "0:00:19"]
[BlackClock "0:00:17"]

1. e4 e6 2. d4 d5 3. Nc3 Bb4 4. e5 c5 5. a3 Bxc3+ 6. bxc3 Qa5 7. Bd2 Qa4 8. h4 Ne7 9. h5 h6 10. Nf3 b6 11. Rh4 cxd4 12. Nxd4 Qd7 13. Bd3 Ba6 14. Bxa6 Nxa6 15. Rg4 Rg8 16. Qe2 Nc5 17. a4 a6 18. a5 b5 19. Bc1 Ne4 20. Ba3 Rc8 21. c4 Rxc4 22. f3 Nc3 23. Qd3 Na4 24. Qh7 b4 25. Bc1 Qc7 26. Rxa4 Rxd4 27. Rxd4 Qxe5+ 28. Kf2 Qxd4+ 29. Be3 Qc4 30. Ra1 Kd7 31. Rd1 Rc8 32. Rd2 Nf5 33. g4 Nxe3 34. Kxe3 Qc3+ 35. Ke2 Qe5+ 36. Kf1 Rc3 37. Qg8 Rxf3+ 38. Rf2 Rxf2+ 39. Kxf2 Qf4+ 40. Ke2 Qxg4+ 41. Kd3 Qf5+ 0-1


[Site "https://www.chess.com"]

[Event "Titled Tuesday Blitz November 2 2021"]
[White "Khoroshev, Nikita"]
[Black "Zubov, Alexander"]
[WhiteFideId "14200287"]
[BlackFideId "14109409"]
[WhiteElo "2376"]
[BlackElo "2685"]
[Result "1-0"]
[Round "02"]
[TimeControl "180+1"]
[Date "2021.11.02"]
[WhiteClock "0:00:08"]
[BlackClock "0:00:01"]

1. Nf3 Nf6 2. g3 d5 3. Bg2 c6 4. O-O Bg4 5. h3 Bh5 6. d4 e6 7. c4 Nbd7 8. Nbd2 Be7 9. b3 O-O 10. Bb2 a5 11. a3 Qb6 12. Qc2 Bg6 13. Qc3 h6 14. c5 Qa6 15. Rfe1 Bd8 16. b4 Bc7 17. Bf1 Qa7 18. e3 b5 19. cxb6 Qxb6 20. Rec1 axb4 21. axb4 Rxa1 22. Bxa1 Nb8 23. Ne5 Bxe5 24. dxe5 Ne4 25. Nxe4 Bxe4 26. Qd4 Qb7 27. Be2 Nd7 28. f3 Bg6 29. Kf2 Ra8 30. Qc3 Ra2 31. Ke1 Qa8 32. Bb2 Kh7 33. h4 c5 34. bxc5 Nxc5 35. g4 Na4 36. Qd4 Nxb2 37. h5 1-0


[Site "https://www.chess.com"]

[Event "Titled Tuesday Blitz November 2 2021"]
[White "King, Alexander"]
[Black "Boros, Denes"]
[WhiteFideId "2063620"]
[BlackFideId "722340"]
[WhiteElo "2306"]
[BlackElo "2464"]
[Result "1-0"]
[Round "02"]
[TimeControl "180+1"]
[Date "2021.11.02"]
[WhiteClock "0:00:02"]
[BlackClock "0:00:20"]

1. d4 a6 2. e4 e6 3. Nf3 d5 4. exd5 exd5 5. c4 Nf6 6. Nc3 Bb4 7. Bd3 O-O 8. O-O dxc4 9. Bxc4 Nc6 10. h3 h6 11. Re1 Bf5 12. Bf4 b5 13. Bb3 Na5 14. Bc2 Bxc3 15. bxc3 Bxc2 16. Qxc2 Nd5 17. Bg3 Nc4 18. a4 Re8 19. axb5 Rxe1+ 20. Rxe1 axb5 21. Ne5 Ra3 22. Qf5 Nxe5 23. Rxe5 c6 24. Bh4 Qb8 25. Bg3 Rxc3 26. Rxd5 Rxg3 27. Rd7 Rg5 28. Qxf7+ Kh7 29. Re7 Qd6 30. Re8 Qd5 31. Qxd5 Rxd5 32. Rc8 Rd6 33. f3 Kg6 34. Kf2 Kf5 35. Ke3 g5 36. g4+ Ke6 37. Re8+ Kd5 38. Re5+ Kc4 39. Rc5+ Kb3 40. d5 cxd5 41. Rxb5+ Kc4 42. Rb8 d4+ 43. Kd2 d3 44. Re8 Rd4 45. Re3 Rd5 46. Re4+ Kc5 47. Re3 Kd6 48. Rxd3 Rxd3+ 49. Kxd3 Kd5 50. Ke3 Ke5 51. f4+ gxf4+ 52. Kf3 Ke6 53. Kxf4 Kf6 54. h4 Ke6 55. Ke4 Kf6 56. Kd5 Kf7 57. Ke5 Kg6 58. Ke6 h5 59. g5 Kg7 60. Kf5 Kh7 61. Kf6 1-0


[Site "https://www.chess.com"]

[Event "Titled Tuesday Blitz November 2 2021"]
[White "Laxman, R.R."]
[Black "Tsydypov, Zhamsaran"]
[WhiteFideId "5005361"]
[BlackFideId "4108566"]
[WhiteElo "2476"]
[BlackElo "2649"]
[Result "1-0"]
[Round "02"]
[TimeControl "180+1"]
[Date "2021.11.02"]
[WhiteClock "0:01:46"]
[BlackClock "0:01:29"]

1. d4 Nf6 2. Nf3 c5 3. d5 b5 4. c4 bxc4 5. Nc3 d6 6. e4 g6 7. Bxc4 Bg4 8. O-O Bg7 9. Qa4+ Nbd7 10. e5 dxe5 11. Nxe5 O-O 12. Nc6 Nb6 13. Nxd8 Nxa4 14. Nc6 Nxc3 15. Nxe7+ Kh8 16. bxc3 Rfe8 17. d6 Ne4 18. Bxf7 Nxd6 19. Bxe8 Bxc3 20. Bc6 Rf8 21. Bh6 Rf7 22. Rac1 Bd4 23. Nd5 Be2 24. Be3 Bxf1 25. Bxd4+ cxd4 26. Kxf1 d3 27. Rd1 Ne4 28. f3 Nc5 29. Bb5 Rf5 30. Ne3 Re5 31. Kf2 Rh5 32. h3 Rh4 33. Bxd3 Rb4 34. Bc4 Rb2+ 35. Kg3 a5 36. Rd5 Nb7 37. Rb5 Rxb5 38. Bxb5 Nd6 39. a4 Kg7 40. Nc4 Nf5+ 41. Kf2 Nd4 42. Nxa5 Kf6 43. Nc6 Nb3 44. a5 1-0


[Site "https://www.chess.com"]

[Event "Titled Tuesday Blitz November 2 2021"]
[White "Le, Tuan Minh"]
[Black "Przybylski, Wojciech"]
[WhiteFideId "12401153"]
[BlackFideId "1117599"]
[WhiteElo "2450"]
[BlackElo "2247"]
[Result "1-0"]
[Round "02"]
[TimeControl "180+1"]
[Date "2021.11.02"]
[WhiteClock "0:00:08"]
[BlackClock "0:00:08"]

1. d4 Nf6 2. Nf3 e6 3. Bf4 d5 4. e3 Be7 5. Ne5 O-O 6. Nd2 c5 7. c3 Nc6 8. Bd3 cxd4 9. exd4 g6 10. Ndf3 Nxe5 11. Nxe5 Ne4 12. Qe2 f5 13. f3 Nf6 14. O-O Nh5 15. Bh6 Ng7 16. Qd2 Bd7 17. Rae1 Be8 18. Re2 Bd7 19. Rfe1 Bc8 20. Bc2 a5 21. a4 Ra6 22. Nd3 Rb6 23. Qc1 Bf6 24. Nc5 Re8 25. Bf4 Rc6 26. Bd3 g5 27. Be5 Be7 28. Bb5 Rxc5 29. dxc5 Bxc5+ 30. Bd4 Bxd4+ 31. cxd4 Rf8 32. Rc2 f4 33. Bd3 Bd7 34. Qd2 Qf6 35. Re5 Bxa4 36. Rc7 Bc6 37. Qxa5 h5 38. Qe1 g4 39. b4 Rf7 40. Rc8+ Rf8 41. Rxf8+ Kxf8 42. b5 Bd7 43. Qd2 Be8 44. Qc1 Qd8 45. Qxf4+ Kg8 46. Rg5 Qe7 47. Qe5 Bd7 48. fxg4 hxg4 49. Rxg4 Kf8 50. Qb8+ Be8 51. Bg6 Qb4 52. Rf4+ Ke7 53. Qc7+ Bd7 54. Rf7+ Ke8 55. Rxd7+ Kf8 56. Qd8+ Ne8 57. Qxe8# 1-0


[Site "https://www.chess.com"]

[Event "Titled Tuesday Blitz November 2 2021"]
[White "Martinez Alcantara, Jose Eduardo"]
[Black "Nozdrachev, Leonid"]
[WhiteFideId "3805662"]
[BlackFideId "24113433"]
[WhiteElo "2690"]
[BlackElo "2124"]
[Result "1-0"]
[Round "02"]
[TimeControl "180+1"]
[Date "2021.11.02"]
[WhiteClock "0:00:50"]
[BlackClock "0:00:02"]

1. e4 c6 2. d4 d5 3. e5 Bf5 4. h4 h5 5. Bd3 Bxd3 6. Qxd3 Qa5+ 7. Bd2 Qa6 8. e6 Qxd3 9. exf7+ Kxf7 10. cxd3 Nh6 11. Nf3 Nf5 12. Nc3 Nd7 13. Ne2 Re8 14. Bc3 e6 15. Ng5+ Kg8 16. O-O-O Be7 17. g3 Bf6 18. Rde1 Rh6 19. Nf3 Kf7 20. Nf4 Rhh8 21. Re2 Nf8 22. Rhe1 g6 23. Kb1 b6 24. a4 a6 25. Bb4 Nxd4 26. Nxd4 Bxd4 27. Bxf8 e5 28. Nxd5 cxd5 29. Bd6 e4 30. dxe4 Rxe4 31. Rxe4 dxe4 32. Rxe4 Bc5 33. Bxc5 bxc5 34. Kc2 Rb8 35. Rc4 Re8 36. Rxc5 Re2+ 37. Kc3 Rxf2 38. Rg5 Rf1 39. b3 Kf6 40. Kb4 Rb1 41. Rc5 Rg1 42. Rc6+ Kf5 43. Rxa6 Rxg3 44. a5 Rg4+ 45. Ka3 Rxh4 46. Rc6 Rh1 47. a6 Ra1+ 48. Kb2 Ra5 49. b4 Rb5 50. a7 Rxb4+ 51. Ka3 Rb1 52. Ka2 Rb8 53. axb8=Q h4 54. Qb1+ 1-0


[Site "https://www.chess.com"]

[Event "Titled Tuesday Blitz November 2 2021"]
[White "Narayanan, Srinath"]
[Black "Gubajdullin, Alexei"]
[WhiteFideId "5018420"]
[BlackFideId "4141202"]
[WhiteElo "2472"]
[BlackElo "2268"]
[Result "0-1"]
[Round "02"]
[TimeControl "180+1"]
[Date "2021.11.02"]
[WhiteClock "0:00:19"]
[BlackClock "0:00:25"]

1. Nf3 c5 2. c4 g6 3. d4 Bg7 4. Nc3 cxd4 5. Nxd4 Nc6 6. Nc2 Bxc3+ 7. bxc3 Nf6 8. g3 Qa5 9. Bb2 d6 10. Bg2 Be6 11. Ne3 Ne5 12. O-O Rc8 13. Qd2 b6 14. a4 Nxc4 15. Nxc4 Rxc4 16. Ba3 O-O 17. Bb4 Qh5 18. a5 b5 19. a6 Bh3 20. f3 Bxg2 21. Kxg2 Nd5 22. e4 Nxb4 23. cxb4 Rfc8 24. Rf2 Qe5 25. Ra5 Rb8 26. Qe3 Qd4 27. Qxd4 Rxd4 28. Rc2 Rc4 29. Rb2 Rb6 30. Kf2 g5 31. Ke3 Kf8 32. g4 Ke8 33. Kd3 Rcc6 34. Rba2 Kd7 35. h3 Kc7 36. R5a3 Rb8 37. Ra5 Kb6 38. R5a3 Rbc8 39. Rd2 Rc1 40. Ke3 R1c3+ 41. Rxc3 Rxc3+ 42. Kf2 Rc4 43. Rd5 f6 44. h4 h6 45. hxg5 hxg5 46. Rd2 Rxb4 47. Rc2 Rc4 48. Ra2 b4 0-1


[Site "https://www.chess.com"]

[Event "Titled Tuesday Blitz November 2 2021"]
[White "Naroditsky, Daniel"]
[Black "Yaksin, Oleg"]
[WhiteFideId "2026961"]
[BlackFideId "24105880"]
[WhiteElo "2608"]
[BlackElo "2256"]
[Result "1-0"]
[Round "02"]
[TimeControl "180+1"]
[Date "2021.11.02"]
[WhiteClock "0:00:11"]
[BlackClock "0:00:03"]

1. e4 c5 2. c3 g6 3. d4 cxd4 4. cxd4 d5 5. e5 Nc6 6. Nc3 a6 7. h3 h5 8. Nf3 Bh6 9. Bd3 Bxc1 10. Rxc1 Nh6 11. Qd2 Bf5 12. Be2 Be4 13. Nxe4 dxe4 14. Ng5 Nxd4 15. Bc4 b5 16. Bb3 Nxb3 17. axb3 Qxd2+ 18. Kxd2 O-O 19. Nxe4 Rfd8+ 20. Ke2 Rd5 21. f4 Rd4 22. Kf3 Nf5 23. g4 Nh4+ 24. Ke3 Rad8 25. Rc3 Ng2+ 26. Kf3 Nh4+ 27. Ke3 Ng2+ 28. Kf3 Nh4+ 29. Kg3 Rxe4 30. Kxh4 Rxf4 31. e6 hxg4 32. hxg4 Rdd4 33. exf7+ Kxf7 34. Rg1 Kf6 35. Rc6+ Rd6 36. Rc8 Kg7 37. Re1 e6 38. Kg5 Rf3 39. Re5 Rf7 40. Re8 Rf6 41. Re7+ Rf7 42. R7xe6 Rfd7 43. Rxd6 Rxd6 44. Re7+ Kf8 45. Ra7 Rc6 46. Kh6 Rd6 47. g5 Rc6 48. Rd7 Re6 49. Rg7 Re3 50. Kxg6 Rxb3 51. Ra7 Rxb2 52. Rxa6 Rc2 53. Rb6 b4 54. Rb8+ Ke7 55. Rxb4 Rc6+ 56. Kg7 Ra6 57. Re4+ Kd6 58. g6 Kd5 59. Re1 Ra7+ 60. Kh8 Ra8+ 61. Kh7 Ra7+ 62. g7 Kd6 63. Kh8 1-0


[Site "https://www.chess.com"]

[Event "Titled Tuesday Blitz November 2 2021"]
[White "Nazaretyan, Tigran"]
[Black "Sanal, Vahap"]
[WhiteFideId "24162345"]
[BlackFideId "6300545"]
[WhiteElo "2187"]
[BlackElo "2492"]
[Result "0-1"]
[Round "02"]
[TimeControl "180+1"]
[Date "2021.11.02"]
[WhiteClock "0:00:01"]
[BlackClock "0:02:07"]

1. d4 Nf6 2. c4 e6 3. Nf3 b6 4. a3 Ba6 5. Qa4 Bb7 6. Nc3 c5 7. dxc5 Bxc5 8. b4 Be7 9. e3 O-O 10. Be2 a5 11. b5 d6 12. Qc2 Nbd7 13. Na4 Rc8 14. Bb2 d5 15. Qb3 Ne4 16. O-O Bf6 17. Rad1 Bxb2 18. Nxb2 Qf6 19. cxd5 Bxd5 20. Nc4 Nc3 21. Bd3 Nxd1 22. Rxd1 Nc5 23. Qb1 Nxd3 24. Nxb6 Bxf3 25. Rxd3 Qg6 26. g3 Rcd8 27. Rb3 Rd1+ 28. Qxd1 Bxd1 29. Rb2 Bf3 30. Nc4 Rd8 31. Nd2 Rxd2 32. e4 Rd1# 0-1


[Site "https://www.chess.com"]

[Event "Titled Tuesday Blitz November 2 2021"]
[White "Nyudleev, Dolgan"]
[Black "Artemenko, Oleg"]
[WhiteFideId "4198360"]
[BlackFideId "14201798"]
[WhiteElo "2354"]
[BlackElo "2287"]
[Result "1-0"]
[Round "02"]
[TimeControl "180+1"]
[Date "2021.11.02"]
[WhiteClock "0:00:50"]
[BlackClock "0:00:47"]

1. e4 e5 2. Nf3 Nc6 3. Bb5 a6 4. Ba4 Nf6 5. O-O b5 6. Bb3 Bc5 7. d3 h6 8. Nc3 d6 9. h3 Ne7 10. Be3 Ng6 11. a4 b4 12. Nd5 O-O 13. d4 exd4 14. Nxf6+ Qxf6 15. Bxd4 Bxd4 16. Qxd4 Qxd4 17. Nxd4 Bb7 18. Rae1 Rfe8 19. Bd5 Bxd5 20. exd5 Ne7 21. Rd1 Nxd5 22. Nc6 Nf4 23. Nxb4 Reb8 24. Nd3 Nxd3 25. Rxd3 Rxb2 26. Rc3 Rc8 27. Re1 Kf8 28. Rd1 Ke7 29. Rc6 Kd7 30. Rxa6 Rxc2 31. Rd3 Rb8 32. Rf3 f6 33. Rg3 g5 34. Rf3 Ke6 35. Ra5 Rbb2 36. Raf5 c5 37. Rxf6+ Ke5 38. R3f5+ Ke4 39. g4 d5 40. Re6+ Kd4 41. Rd6 Rc1+ 42. Kg2 Rbb1 43. Rdxd5+ Kc4 44. Rxc5+ Kb4 45. Rxc1 Rxc1 46. Rf6 1-0


[Site "https://www.chess.com"]

[Event "Titled Tuesday Blitz November 2 2021"]
[White "Paravyan, David"]
[Black "Kalashian, David"]
[WhiteFideId "4194985"]
[BlackFideId "13302418"]
[WhiteElo "2639"]
[BlackElo "2490"]
[Result "0-1"]
[Round "02"]
[TimeControl "180+1"]
[Date "2021.11.02"]
[WhiteClock "0:00:03"]
[BlackClock "0:00:22"]

1. e4 c6 2. d4 g6 3. Nc3 Bg7 4. Nf3 d6 5. h3 Nf6 6. Bf4 O-O 7. Qd2 b5 8. Bd3 Nbd7 9. e5 b4 10. Ne2 Nd5 11. Bh6 dxe5 12. Bxg7 Kxg7 13. dxe5 Nc5 14. Bc4 a5 15. Rd1 Ba6 16. Bxa6 Rxa6 17. O-O Ne6 18. Ned4 Ndc7 19. Qe2 Qc8 20. h4 h5 21. Rd2 c5 22. Nxe6+ Nxe6 23. Qc4 Rd8 24. Rxd8 Nxd8 25. Ng5 Ne6 26. Nf3 Ra7 27. g3 Rd7 28. Qe4 c4 29. Re1 Qc5 30. Kg2 c3 31. b3 Rd5 32. Re3 Rd1 33. Ng5 Nxg5 34. hxg5 e6 35. Rf3 Rd5 36. Qf4 Qc7 37. Re3 Rd2 38. Qf6+ Kg8 39. Qf4 Rxc2 40. Rd3 Re2 41. Rd4 Qxe5 42. Rd8+ Kg7 43. Qxe5+ Rxe5 44. Rc8 Re2 45. Rc7 Rxa2 46. Kf3 Rb2 47. Ke4 Rxb3 48. f4 a4 0-1


[Site "https://www.chess.com"]

[Event "Titled Tuesday Blitz November 2 2021"]
[White "Perera Alfonso, Rene Humberto"]
[Black "Rustemov, Alexander"]
[WhiteFideId "3514722"]
[BlackFideId "4119002"]
[WhiteElo "2313"]
[BlackElo "2799"]
[Result "1-0"]
[Round "02"]
[TimeControl "180+1"]
[Date "2021.11.02"]
[WhiteClock "0:00:08"]
[BlackClock "0:00:03"]

1. e4 e6 2. d4 d5 3. Nc3 dxe4 4. Nxe4 Bd7 5. Nf3 Bc6 6. Bd3 Nd7 7. Qe2 Ngf6 8. O-O Nxe4 9. Bxe4 Bxe4 10. Qxe4 c6 11. c4 Be7 12. Bd2 O-O 13. Bc3 Re8 14. Rfe1 Qc7 15. Rad1 Rad8 16. h3 h6 17. d5 Nf6 18. Bxf6 Bxf6 19. dxc6 Qxc6 20. Qxc6 bxc6 21. b3 Bc3 22. Rxd8 Rxd8 23. Re2 Rd1+ 24. Kh2 Kf8 25. Ne5 Bxe5+ 26. Rxe5 Rd2 27. Ra5 Rxf2 28. Rxa7 Rb2 29. Rc7 Rxa2 30. Rxc6 Rb2 31. Rb6 Ke7 32. c5 e5 33. b4 e4 34. Rb7+ Ke6 35. c6 e3 36. Kg3 f5 37. b5 g5 38. Rb8 f4+ 39. Kf3 Kd6 40. Rh8 Rf2+ 41. Kg4 Rxg2+ 42. Kf5 e2 43. Rxh6+ Kc7 44. Rh7+ Kd6 45. Rd7+ Kc5 46. c7 e1=Q 47. c8=Q+ Kb4 48. Rd4+ Kb3 49. Qc4+ Kb2 50. Qb4+ Qxb4 51. Rxb4+ Kc3 52. b6 f3 53. b7 f2 54. Rb1 Rg1 55. b8=Q f1=Q+ 56. Rxf1 Rxf1+ 57. Kxg5 Rd1 58. Qc7+ Kd2 59. h4 Rg1+ 60. Kh5 Ke2 61. Qe5+ Kf2 62. Qd4+ Kg2 63. Qxg1+ Kxg1 64. Kg6 1-0


[Site "https://www.chess.com"]

[Event "Titled Tuesday Blitz November 2 2021"]
[White "Petesch, Gabriel"]
[Black "Nesterov, Arseniy"]
[WhiteFideId "2032465"]
[BlackFideId "24198455"]
[WhiteElo "2374"]
[BlackElo "2494"]
[Result "1-0"]
[Round "02"]
[TimeControl "180+1"]
[Date "2021.11.02"]
[WhiteClock "0:00:02"]
[BlackClock "0:00:04"]

1. Nf3 d5 2. g3 Nf6 3. Bg2 Bf5 4. c4 c6 5. O-O e6 6. b3 h6 7. Bb2 Be7 8. d3 O-O 9. Nbd2 Nbd7 10. Qc2 a5 11. a3 Bh7 12. Bc3 Ne8 13. Qb2 Bf6 14. Ne5 Nxe5 15. Bxe5 Bxe5 16. Qxe5 Nf6 17. Rab1 Qe7 18. Qb2 e5 19. cxd5 cxd5 20. Rbc1 Rac8 21. b4 a4 22. Rc2 e4 23. dxe4 dxe4 24. e3 Bf5 25. Rfc1 Rcd8 26. Nc4 Rd3 27. Bf1 Rfd8 28. Na5 Ng4 29. Rc7 R3d7 30. Rxd7 Rxd7 31. Qc2 Kh7 32. Qxa4 Rd2 33. Rc2 Qd8 34. Nxb7 Qd5 35. Qc6 Qxc6 36. Rxc6 Nxf2 37. Nd6 Bg6 38. h3 Nd1 39. Nc4 Rc2 40. b5 Bf5 41. g4 Be6 42. Rc5 Nxe3 43. b6 Nxf1 44. b7 1-0


[Site "https://www.chess.com"]

[Event "Titled Tuesday Blitz November 2 2021"]
[White "Prestia, Paris"]
[Black "Kovalenko, Igor"]
[WhiteFideId "30925959"]
[BlackFideId "14117908"]
[WhiteElo "2558"]
[BlackElo "2629"]
[Result "1-0"]
[Round "02"]
[TimeControl "180+1"]
[Date "2021.11.02"]
[WhiteClock "0:01:48"]
[BlackClock "0:02:07"]

1. d4 Nf6 2. c4 e6 3. Nc3 Bb4 4. e3 O-O 5. Ne2 b6 6. a3 Be7 7. Ng3 Bb7 8. e4 d6 9. Be2 Nbd7 10. O-O Re8 11. f4 e5 12. fxe5 dxe5 13. d5 a5 14. Nf5 Bf8 15. Rb1 h6 16. b4 axb4 17. axb4 Nh7 18. Be3 Ndf6 19. c5 bxc5 20. bxc5 Bc8 21. Bb5 Bd7 22. Bxd7 Qxd7 23. c6 Qc8 24. Qd3 Ra3 25. Qc4 Ng4 26. Bc5 Bxc5+ 27. Qxc5 Qa8 28. h3 Ngf6 29. Rb7 Qd8 30. Qxa3 h5 31. Qa5 g6 32. Ne3 Re7 33. Nc4 Kg7 34. d6 cxd6 35. Qxd8 1-0


[Site "https://www.chess.com"]